 Dungeon Crawl Stone Soup version 0.27.1-34-g3ba077fa99 (webtiles) character file.

Game seed: 16077720906106929636

870 Delamore the Covert (level 8, -14/50 HPs)
             Began as an Octopode Brigand on Feb 12, 2022.
             Demolished by Edmund (19 damage)
             ... on level 4 of the Dungeon.
             The game lasted 00:05:31 (4839 turns).

Delamore the Covert (Octopode Brigand)              Turns: 4839, Time: 00:05:32

Health: -14/50     AC:  1    Str: 11    XL:     8   Next: 3%
Magic:  8/8        EV: 12    Int: 13    God:
Gold:   202        SH:  0    Dex: 15    Spells: 7/7 levels left

rFire    . . .     SeeInvis .   f - +0 dagger (speed)
rCold    . . .     Faith    .   (no shield)
rNeg     . . .     Spirit   .   (helmet restricted)
rPois    .         Reflect  .   (no amulet)
rElec    .         Harm     .   (no ring)
rCorr    .         Rampage  .   (no ring)
Will     .....                  (no ring)
Stlth    +++++.....             (no ring)
HPRegen  0.16/turn              (no ring)
MPRegen  0.11/turn              (no ring)
                                (no ring)
                                (no ring)

@: brilliant
A: almost no armour, amphibious, 8 rings, camouflage 1, gelatinous body 1,
(nimble swimmer 1), tentacles
a: no special abilities


You were on level 4 of the Dungeon.
You visited 1 branch of the dungeon, and saw 4 of its levels.

You collected 202 gold pieces.

Inventory:

Hand Weapons
 a - a +2 dagger
 f - a +0 dagger of speed (weapon)
 k - a +1 dagger of freezing
Missiles
 c - 21 poisoned darts
 e - 6 javelins
 m - a curare-tipped dart (quivered)
 p - 2 throwing nets
Jewellery
 r - a +4 ring of evasion
Wands
 n - a wand of flame (11)
Scrolls
 b - a scroll of blinking {unknown}
 g - a scroll of teleportation {unknown}
 j - a scroll of identify {unknown}
 l - a scroll of amnesia {unknown}
 q - a scroll of enchant armour {unknown}
Potions
 d - 3 potions of curing
 h - a potion of brilliance
 i - a potion of lignification {unknown}
 o - a potion of invisibility {unknown}


   Skills:
 - Level 2.0 Fighting
 + Level 6.8 Short Blades
 - Level 2.0 Throwing
 - Level 1.0 Dodging
 - Level 10.0 Stealth


You had 7 spell levels left.
You didn't know any spells.
Your spell library contained the following spells:

 Spells                   Type           Power      Damage    Failure   Level
 Stone Arrow              Conj/Erth      0%         3d7       67%         3
 Fireball                 Conj/Fire      0%         3d3       100%        5
 Iskenderun's Battlesphe  Conj           0%         2d6       100%        5
 Conjure Ball Lightning   Conj/Air       0%         3x3d6     100%        6
 Orb of Destruction       Conj           0%         N/A       100%        7
 Lehudib's Crystal Spear  Conj/Erth      0%         10d2      100%        8
 Animate Armour           Summ/Erth      Unusable   N/A       N/A         4

Dungeon Overview and Level Annotations

Branches:
Dungeon (4/15)
 Temple: D:4-7

Altars:
Makhleb

Shops:
D:2 [

Annotations:
D:4 Edmund


Innate Abilities, Weirdness & Mutations

You cannot wear most types of armour.
You are amphibious.
You can wear up to eight rings at the same time.
Your skin changes colour to match your surroundings (Stealth+).
Your rubbery body absorbs attacks. (AC +1, EV +1)
((You are camouflaged near water. (Stealth+)))
You have tentacles for arms and can constrict up to eight enemies at once.


Message History

You constrict Edmund, but do no damage. You hit Edmund but do no damage.
Edmund is moderately wounded.
You constrict Edmund. Edmund misses you.
You hit Edmund. You squeeze Edmund.
Edmund is moderately wounded.
You constrict Edmund. You hit Edmund but do no damage.
Edmund is moderately wounded.
You constrict Edmund.
Edmund hits you with a +3 dire flail of holy wrath!!
* * * LOW HITPOINT WARNING * * *
You are too injured to fight recklessly!
You are too injured to fight recklessly!
You are too injured to fight recklessly!
You are too injured to fight recklessly!
You are too injured to fight recklessly!
You are too injured to fight recklessly!
You are too injured to fight recklessly!
It was a potion of curing.
You feel better.
You constrict Edmund. Edmund misses you.
Okay, then.
Okay, then.
Throw: 2 darts (curare)
Press: ? - help, Q - select action, (/) - cycle Shift-Dir - straight line, f - Edmund
Aim: Edmund, wielding a +3 dire flail of holy wrath and wearing a +0 ring mail (heavily wounded, constricted by you, unusually resistant, 93% to hit)
You throw a curare-tipped dart. The curare-tipped dart hits Edmund.
Edmund is heavily wounded.
You constrict Edmund.
Edmund hits you with a +3 dire flail of holy wrath!
* * * LOW HITPOINT WARNING * * *
You feel better.
You constrict Edmund.
Edmund says, "People accused me of being a cutpurse!"
Edmund hits you with a +3 dire flail of holy wrath!
* * * LOW HITPOINT WARNING * * *
It was a potion of brilliance.
You feel clever all of a sudden.
You constrict Edmund.
Edmund hits you with a +3 dire flail of holy wrath!!
You die...

...##... #....#
...... #....#
....#####....#
#..##..#....#
#..#...'....#
#..'...#....#
#..#####....##
#..##..#.....#
#@@....#.....#
#.......#.....+
#...>...#.....#
#.......#.....#
#.......#.....# ..
######..#.....####..
..##..........
...#..........
#..........


You could see Edmund (resistant).

Vanquished Creatures
  Grinder (D:3)
  An ogre (D:3)
  A scorpion (D:3)
  3 howler monkeys (D:3)
  2 hounds (D:3)
  Ijyb (D:3)
  Natasha (thrice) (D:3)
  14 gnolls (D:3)
  2 adders
  2 worms
  A dart slug (D:1)
  24 orcs (D:3)
  2 ball pythons
  8 endoplasms
  2 giant cockroaches
  2 goblins
  6 hobgoblins
  15 jackals
  A quokka (D:4)
  2 bats
  5 kobolds
  2 rats (D:2)
100 creatures vanquished.

Vanquished Creatures (others)
  2 plants (D:3)
2 creatures vanquished.

Grand Total: 102 creatures vanquished

Notes
Turn   | Place    | Note
-------+----------+-------------------------------------------
     0 | D:1      | Delamore the Octopode Brigand began the quest for the Orb.
     0 | D:1      | Reached XP level 1. HP: 14/14 MP: 1/1
   203 | D:1      | Reached XP level 2. HP: 2/19 MP: 2/2
   598 | D:1      | Reached skill level 6 in Stealth
   787 | D:1      | Reached XP level 3. HP: 24/24 MP: 3/3
  1258 | D:2      | Found a burning altar of Makhleb.
  1339 | D:2      | Found a faded altar of an unknown god.
  1454 | D:2      | Found Toinaff's Armour Shop.
  1756 | D:3      | Noticed Grinder
  1765 | D:3      | Killed Grinder
  1766 | D:3      | Reached skill level 8 in Stealth
  1766 | D:3      | Reached XP level 4. HP: 29/29 MP: 4/4
  1766 | D:3      | Reached XP level 5. HP: 34/34 MP: 5/5
  1766 | D:3      | Reached XP level 6. HP: 39/39 MP: 6/6
  1959 | D:3      | Noticed Natasha
  1973 | D:3      | Killed Natasha
  1977 | D:3      | Noticed Natasha
  1984 | D:3      | Killed Natasha
  1985 | D:3      | Reached skill level 9 in Stealth
  2153 | D:3      | Noticed Natasha
  2372 | D:3      | Reached XP level 7. HP: 28/45 MP: 7/7
  3012 | D:3      | Reached skill level 10 in Stealth
  3192 | D:3      | Reached skill level 5 in Short Blades
  3715 | D:3      | Killed Natasha
  4014 | D:3      | Noticed Ijyb
  4316 | D:3      | Killed Ijyb
  4660 | D:3      | Reached XP level 8. HP: 50/50 MP: 8/8
  4820 | D:4      | Noticed Edmund
  4839 | D:4      | Demolished by Edmund

Illustrated notes

Levels and vault maps discovered:
D:1:      lightli_arrival_statue_moat, layout_basic,
          minmay_misc_feat_secret_circle, supply_closet_lemuel,
          nrook_mini_vaults
D:2:      layout_basic, hellmonk_ecumenical_altar_inner_sanctum, basic_altar,
          serial_shops, nicolae_shop_behind_doors
D:3:      lemuel_castle_with_subvaults [lemuel_castle_interior_original],
          layout_loops_cross, uniq_grinder, uniq_ijyb, uniq_natasha
D:4:      layout_gridville, minmay_temple_entry_waves, serial_shops, shop,
          uniq_pikel, uniq_duvessa, uniq_edmund

Skill      XL: |  1  2  3  4  5  6  7 |
---------------+----------------------+-----
Stealth        | 6 8 9 10 | 10.0
Short Blades   | 3 4 6 |  6.8
Fighting       | |  2.0
Throwing       | |  2.0
Dodging        | |  1.0

Action                   |  1- 3 |  4- 6 |  7- 9 || total
-------------------------+-------+-------+-------++-------
Melee: Dagger            |    60 |    68 |   159 ||   287
       Constrict         |    16 |    12 |    35 ||    63
       Tentacles         |    14 |    15 |    36 ||    65
Throw: Dart              |       |       |    45 ||    45
       Javelin           |       |       |     9 ||     9
  Use: Potion            |       |       |     3 ||     3
 Stab: Sleeping          |     8 |     1 |     8 ||    17
       Distracted        |       |     2 |     2 ||     4
Armor: Skin              |     4 |     3 |       ||     7
Dodge: Dodged            |    29 |    22 |    38 ||    89
